 Dungeon Crawl Stone Soup version 0.30-a0-4-ga7cffc901d (webtiles) character file.

Game seed: 2222321417989086371

6 drpainis the Caller (level 1, -1/9 HPs)
             Began as a Spriggan Summoner on Aug 21, 2022.
             Slain by a quokka (4 damage)
             ... on level 1 of the Dungeon.
             The game lasted 00:00:53 (653 turns).

drpainis the Caller (Spriggan Summoner)              Turns: 653, Time: 00:00:54

Health: -1/9       AC:  2    Str:  4    XL:     1   Next: 75%
Magic:  3/5        EV: 17    Int: 16    God:
Gold:   61         SH:  0    Dex: 15    Spells: 4/5 levels left

rFire   . . .      SeeInvis +    (weapon restricted)
rCold   . . .      Faith    .    (no shield)
rNeg    . . .      Spirit   .    a - +0 robe
rPois   .          Reflect  .    (helmet restricted)
rElec   .          Harm     .    (no cloak)
rCorr   .          Rampage  .    (gloves unavailable)
Will    .....                    (boots unavailable)
Stlth   ++........               (no amulet)
HPRegen 0.03/turn                (no ring)
MPRegen 0.09/turn                (no ring)

@: very quick
A: very small, no large weapons, unfitting armour, see invisible, speed 3
a: no special abilities


You were on level 1 of the Dungeon.
You visited 1 branch of the dungeon, and saw 1 of its levels.

You collected 61 gold pieces.

Inventory:

Armour
 a - a +0 robe (worn)
Scrolls
 c - a scroll of vulnerability {unknown}
Potions
 b - a potion of magic
 d - a potion of brilliance {unknown}


   Skills:
 + Level 2.6 Dodging
 + Level 3.0 Stealth
 + Level 2.8 Spellcasting
 + Level 3.5 Summonings


You had 4 spell levels left.
You knew the following spells:

 Your Spells              Type           Power      Damage    Failure   Level
a - Summon Small Mammal   Summ           52%        N/A       4%          1

Your spell library contained the following spells:

 Spells                   Type           Power      Damage    Failure   Level
 Call Imp                 Summ           13%        N/A       7%          2
 Call Canine Familiar     Summ           13%        N/A       14%         3
 Summon Guardian Golem    Hex/Summ       7%         N/A       28%         3
 Summon Lightning Spire   Summ/Air       7%         N/A       67%         4


Dungeon Overview and Level Annotations

Branches:
Dungeon (1/15)

Altars:


Innate Abilities, Weirdness & Mutations

You are very small and have problems with some larger weapons.
You are too small for most types of armour.
You have supernaturally acute eyesight. (SInv)
You cover ground extremely quickly. (Speed+++)


Message History

A quokka is nearby!
Casting: Summon Small Mammal (safe; 4% risk of failure)
Confirm with . or Enter, or press ? or * to list all spells.
Unknown command.
Casting: Summon Small Mammal (safe; 4% risk of failure)
Confirm with . or Enter, or press ? or * to list all spells.
The quokka bites you.
Unknown command.
Your bat hits the quokka but does no damage.
Your bat barely misses the quokka.
The quokka bites you but does no damage.
Your bat hits the quokka. You barely miss the quokka.
The quokka is moderately wounded.
Your bat closely misses the quokka. x2; The quokka misses you.
Your bat barely misses the quokka.
You hit the quokka but do no damage.
The quokka is moderately wounded.
Your bat misses the quokka. The quokka completely misses you.
You closely miss the quokka.
The quokka is moderately wounded.
Your quokka closely misses the quokka.
The quokka bites you.
You miss the quokka.
The quokka is moderately wounded.
Your quokka barely misses the quokka.
The quokka barely misses you. The quokka bites you.
Your quokka misses the quokka. You hit the quokka.
The quokka is heavily wounded.
The quokka completely misses you.
Your quokka barely misses the quokka.
You completely miss the quokka.
The quokka is heavily wounded.
Your quokka bites the quokka but does no damage.
The quokka completely misses you.
You barely miss the quokka.
The quokka is heavily wounded.
Your quokka misses the quokka. The quokka bites you.
You miss the quokka.
The quokka is heavily wounded.
Your quokka misses the quokka. The quokka bites you.
You die...

#..#P...##.# #.
#..# ##P.#.. #.
##.## #......
#.#####..####..#...
#..............#>..
#.#####............
#.#####..#####.#.#.
#b........# #.#†##
#r@......## #.####
#r#####..# #.....
#. #..# #..... #.
#..# #..... #. #..#
#.###. #. #..# #.#
#. ##.#####..# #.#
## ......^...# #.#
########### #.#


You could see a quokka (ally target), a friendly quokka (summoned) and a
friendly bat (summoned).

Vanquished Creatures
  A bat (D:1)
1 creature vanquished.

Vanquished Creatures (collateral kills)
  A ball python (D:1)
  A bat (D:1)
  An endoplasm (D:1)
  A goblin (D:1)
4 creatures vanquished.

Grand Total: 5 creatures vanquished

Notes
Turn   | Place    | Note
-------+----------+-------------------------------------------
     0 | D:1      | drpainis the Spriggan Summoner began the quest for the Orb.
     0 | D:1      | Reached XP level 1. HP: 9/9 MP: 5/5
   653 | D:1      | Slain by a quokka

Illustrated notes

Levels and vault maps discovered:
D:1:      dpeg_arrival_rooms_a, layout_basic,
          dreamdust_ecumenical_altar_hidden_monk_grotto,
          chequers_serial_rivers_room_b, serial_park_tiny_1,
          kennysheep_nondescript

Action                   || total
-------------------------++-------
Melee: Unarmed           ||    25
 Cast: Summon Small Mamm ||     9
Armor: Robe              ||     2
Dodge: Dodged            ||    34

Table legend: (Time is in decaauts)
 A = Elapsed time spent in this place.
 B = Non-inter-level travel time spent in this place.
 C = Inter-level travel time spent in this place.
 D = Time resting spent in this place.
 E = Time spent auto-exploring this place.
 F = Levels seen in this place.
 G = Mean time per level.
                   A        B        C        D        E       F      G
               +--------+--------+--------+--------+--------+-----+--------+
         Total |    576 |    576 |      0 |    160 |    345 |   1 |  576.0 |
       Dungeon |    576 |    576 |      0 |    160 |    345 |   1 |  576.0 |
               +--------+--------+--------+--------+--------+-----+--------+

Top non-repeatable levels by time:
     D:1: 576 daAuts
